 Dungeon Crawl Stone Soup version 0.31-a0-108-gdf935468f2 (webtiles) character file.

Game seed: 52860233592723504

65 porpoise the Shooter (level 4, -1/28 HPs)
             Began as a Kobold Hunter on May 28, 2023.
             Slain by a gnoll
             ... wielding a +0 whip
              (5 damage)
             ... on level 1 of the Dungeon.
             The game lasted 00:02:45 (1240 turns).

porpoise the Shooter (Kobold Hunter)                Turns: 1240, Time: 00:02:46

Health: -1/28      AC:  5    Str:  8    XL:     4   Next: 35%
Magic:  4/4        EV: 13    Int: 10    God:
Gold:   47         SH:  0    Dex: 26    Spells: 3/3 levels left

rFire   . . .        a - +0 shortbow
rCold   . . .        (shield currently unavailable)
rNeg    . . .        i - +0 ring mail
rPois   .            (no helmet)
rElec   .            (no cloak)
rCorr   .            (no gloves)
SInv    .            (no boots)
Will    .....        (no amulet)
Stlth   +++          g - +6 ring of dexterity
HPRegen 0.24/turn    (no ring)
MPRegen 0.09/turn

%: no passive effects
@: no status effects
A: small, no large weapons, nightstalker 3
a: no special abilities


You were on level 1 of the Dungeon.
You visited 1 branch of the dungeon, and saw 2 of its levels.

You collected 47 gold pieces.

Inventory:

Hand Weapons
 a - a +0 shortbow (weapon)
Armour
 c - a +0 leather armour
 i - a +0 ring mail (worn)
Magical Staves
 f - a staff of death
Jewellery
 g - a +6 ring of dexterity (left hand)
Scrolls
 b - a scroll of immolation
 e - a scroll of magic mapping {unknown}
Potions
 d - a potion of curing {unknown}
 h - a potion of magic {unknown}


   Skills:
 + Level 3.0 Fighting
 * Level 6.5 Ranged Weapons
 - Level 2.4 Dodging
 + Level 2.8 Stealth


You had 3 spell levels left.
You didn't know any spells.
Your spell library was empty.

Dungeon Overview and Level Annotations

Branches:
Dungeon (2/15)

Altars:


Innate Abilities, Weirdness & Mutations

You are small and have problems with some larger weapons.
You are completely attuned to the shadows.


Message History

You shoot an arrow. The arrow closely misses the gnoll.
The arrow hits the gnoll.
The gnoll is moderately wounded.
The gnoll barely misses you.
You shoot an arrow. The arrow hits the gnoll!
The gnoll is severely wounded.
The gnoll barely misses you.
You shoot an arrow. The arrow closely misses the gnoll.
The arrow hits the gnoll but does no damage.
The gnoll is moderately wounded.
You shoot an arrow. The arrow barely misses the gnoll.
The gnoll hits you but does no damage. The gnoll barely misses you. x2
You shoot an arrow. The arrow barely misses the gnoll.
The gnoll hits you with a +0 whip. x2
You are too injured to fight recklessly!
You are too injured to fight recklessly!
The gnoll hits you but does no damage. The gnoll misses you.
You climb upwards.
There is a stone staircase leading down here.
The gnoll barely misses you. The gnoll attacks as you move away!
The gnoll barely misses you. The gnoll completely misses you.
You are too injured to fight recklessly!
You are too injured to fight recklessly!
Fire: a) +0 shortbow
Press: ? - help, Q - select action Shift-Dir - straight line, f - gnoll
Aim: a gnoll, wielding a +0 whip (severely wounded, 72% to hit)
You shoot an arrow. The arrow closely misses the gnoll.
The arrow hits the gnoll.
The gnoll is moderately wounded.
The gnoll hits you with a +0 whip!
* * * LOW HITPOINT WARNING * * *
Fire: a) +0 shortbow
Press: ? - help, Q - select action Shift-Dir - straight line, f/p - gnoll
Aim: a gnoll, wielding a +0 whip (severely wounded, 72% to hit)
You shoot an arrow.
The arrow hits the gnoll but does no damage.
The gnoll is severely wounded.
The gnoll hits you with a +0 whip.
You die...

...........##.............#
...........##.............##
...........########†###....#
...........# ######'######.#
...........# #.......# #.#####
...........###.......# #.....#
............##.......# #####.#
...............######## #.#
...........#.>gg@.....# #.#
...........##########.# #.#
......[....#.......##.# #.#
..##########.#####....########†#
..# #.#.................# ..#
####.##.################ ..#
##.....#.# ..# #..⌠...#.#
########## ..# #......#.####
#.........


You could see 2 gnolls.

Vanquished Creatures
  3 gnolls
  A dart slug (D:1)
  An endoplasm (D:1)
  A giant cockroach (D:1)
  2 goblins (D:1)
  A hobgoblin (D:1)
  3 jackals (D:1)
  3 kobolds (D:1)
  3 quokkas (D:1)
  3 ball pythons (D:1)
  4 bats (D:1)
  8 rats (D:1)
33 creatures vanquished.

Notes
Turn   | Place    | Note
-------+----------+-------------------------------------------
     0 | D:1      | porpoise the Kobold Hunter began the quest for the Orb.
     0 | D:1      | Reached XP level 1. HP: 12/12 MP: 1/1
   126 | D:1      | Reached XP level 2. HP: 14/18 MP: 2/2
   308 | D:1      | Reached XP level 3. HP: 22/22 MP: 3/3
   596 | D:1      | Reached skill level 6 in Ranged Weapons
   824 | D:1      | Found a faded altar of an unknown god.
  1221 | D:2      | Reached XP level 4. HP: 27/27 MP: 4/4
  1240 | D:1      | Slain by a gnoll

Illustrated notes

Levels and vault maps discovered:
D:1:      dpeg_arrival_tiny_a, layout_basic,
          hellmonk_ecumenical_altar_defaced_shrine, hangedman_feature_mirror,
          serial_park_tiny_1
D:2:      layout_loops_ring, basic_altar, uniq_terence

Skill      XL: |  1  2  3  4 |
---------------+-------------+-----
Stealth        | 2 |  2.8
Ranged Weapons | 6 |  6.5
Fighting       | 3 |  3.0
Dodging        | |  2.4

Action                     |  1- 3 |  4- 6 || total
---------------------------+-------+-------++-------
   Fire: Shortbow          |    85 |    12 ||    97
 Armour: Leather armour    |     4 |       ||     4
         Ring mail         |     5 |     2 ||     7
  Dodge: Dodged            |    42 |    12 ||    54

Table legend: (Time is in decaauts)
 A = Elapsed time spent in this place.
 B = Non-inter-level travel time spent in this place.
 C = Inter-level travel time spent in this place.
 D = Time resting spent in this place.
 E = Time spent auto-exploring this place.
 F = Levels seen in this place.
 G = Mean time per level.
                   A        B        C        D        E       F      G
               +--------+--------+--------+--------+--------+-----+--------+
         Total |   1258 |   1208 |     50 |    131 |    895 |   2 |  629.0 |
       Dungeon |   1258 |   1208 |     50 |    131 |    895 |   2 |  629.0 |
               +--------+--------+--------+--------+--------+-----+--------+

Top non-repeatable levels by time:
     D:1: 1237 daAuts
     D:2: 21 daAuts
